 Dungeon Crawl Stone Soup version 0.27-a0-1291-geefcff550b (webtiles) character file.

Game seed: 14766609078892453696

46 dickylongcocking the Magician (level 3, -8/28 HPs)
             Began as a Djinni Fire Elementalist on June 15, 2021.
             Killed by divine providence
             ... invoked by an orc priest
              (10 damage)
             ... on level 2 of the Dungeon.
             The game lasted 00:01:25 (2850 turns).

dickylongcocking the Magician (DjFE)                Turns: 2850, Time: 00:01:26

Health: -8/28      AC:  2    Str:  7    XL:     3   Next: 92%
Gold:   25         EV: 12    Int: 17    God:
                   SH:  0    Dex: 13

rFire    + + .     SeeInvis .   h - +0 dagger
rCold    x . .     Faith    .   (no shield)
rNeg     . . .     Spirit   .   a - +0 robe
rPois    ∞         Reflect  .   (helmet restricted)
rElec    .         Harm     .   (no cloak)
rCorr    .         Rampage  .   (no gloves)
Will     .....                  (boots unavailable)
Stlth    ++........             (no amulet)
HPRegen  0.00/turn              (no ring)
MPRegen  0.00/turn              (no ring)

@: unable to read, flying
A: sickness immunity, fire resistance 2, cold vulnerability 1, float, innate
caster, hp casting, extra vitality 1, horns 1, inhibited regeneration, inability
to read while threatened
a: no special abilities


You were on level 2 of the Dungeon.
You visited 1 branch of the dungeon, and saw 2 of its levels.

You collected 25 gold pieces.

Inventory:

Hand Weapons
 c - a +0 whip
 f - a +0 whip
 h - a +0 dagger (weapon)
Armour
 a - a +0 robe (worn)
Scrolls
 d - 2 scrolls of identify {unknown}
 e - a scroll of fear {unknown}
 i - a scroll of vulnerability {unknown}
 k - a scroll of noise {unknown}


   Skills:
 * Level 2.1 Fighting
 - Level 2.1 Dodging
 - Level 1.5 Stealth
 * Level 3.0 Spellcasting


You couldn't memorise any spells.
You knew the following spells:

 Your Spells              Type           Power      Damage    Failure   Level
a - Foxfire               Conj/Fire      48%        2x1d6     4%          1
b - Conjure Flame         Conj/Fire      12%        6-21      16%         3
c - Inner Flame           Hex/Fire       12%        N/A       16%         3
d - Sticky Flame          Conj/Fire      12%        2d4       45%         4
e - Fireball              Conj/Fire      6%         3d5       80%         5
f - Freeze                Ice            48%        1d7       4%          1
Your spell library was empty.

Dungeon Overview and Level Annotations

Branches:
Dungeon (2/15)

Altars:

Shops:
D:1 [


Innate Abilities, Weirdness & Mutations

You are immune to sickness and miasma.
You are immune to poison.
Your flesh is very heat resistant. (rF++)
You are vulnerable to cold. (rC-)
You float through the air rather than walking.
You learn spells naturally, not from books.
Your magical power is your life essence.
You have superior vitality. (+4 HP)
You have a pair of small horns on your head.
You do not regenerate when monsters are visible.
You sometimes lose the ability to read scrolls when taking damage.


Message History

The foxfire hits the orc priest but does no damage.
You conjure some foxfire!
The orc priest closely misses you.
Unknown command.
Your foxfire dissipates!
The foxfire hits the orc priest but does no damage.
Unknown command.
You conjure some foxfire!
The orc priest hits you with a +0 falchion!
You feel threatened and lose the ability to read scrolls!
Your magical contamination has completely faded away.
Unknown command.
You aren't carrying any potions.
Unknown command.
The foxfire hits the orc.
The orc is heavily wounded.
The foxfire hits the orc priest but does no damage.
You cannot read scrolls in your current state!
You cannot read scrolls in your current state!
Unknown command.
You aren't carrying any potions.
Unknown command.
Casting: Foxfire (safe; 4% risk of failure)
Confirm with . or Enter, or press ? or * to list all spells.
You aren't experienced enough to cast this spell.
There are monsters nearby!
Unknown command.
Casting: Foxfire (safe; 4% risk of failure)
Confirm with . or Enter, or press ? or * to list all spells.
You conjure some foxfire!
The orc priest calls down the wrath of Beogh upon you.
Pain shoots through your body!
* * * LOW HITPOINT WARNING * * *
Unknown command.
Unknown command.
Your foxfire dissipates!
The foxfire hits the orc priest but does no damage.
Unknown command.
The orc priest calls down the wrath of Beogh upon you.
Beogh smites you!
You die...

# ##..###................#
#
######..>.................#
#
........##.#.#...........#
#
..(..#.###.#.............##
# ####.#.#
#.##.####..o...... # #
#.#.###.##.# #...# #
####..........# #..o# ###
#.............#####o##
#####..
#.###########...@.o.# .
.(....# #.# #########
...###..# #.# .........
#†#### ...####..# .....#
#.# #..# #.##.# #.# #..#
#.##.# #.# #..# #.##.# #.#
#..# #.##.## #.# #..#


You could see an orc priest and an orc.

Vanquished Creatures
  An adder (D:2)
  A dart slug (D:1)
  2 ball pythons
  3 endoplasms
  3 giant cockroaches (D:1)
  3 goblins (D:2)
  2 hobgoblins (D:1)
  4 kobolds
  2 quokkas
  3 bats
  4 frilled lizards
  3 rats
31 creatures vanquished.

Vanquished Creatures (others)
  111 foxfires
111 creatures vanquished.

Grand Total: 142 creatures vanquished

Notes
Turn   | Place    | Note
-------+----------+-------------------------------------------
     0 | D:1      | dickylongcocking the Djinni Fire Elementalist began the
                  | quest for the Orb.
     0 | D:1      | Reached XP level 1. HP: 15/15 MP: 0/0
   156 | D:1      | Reached XP level 2. HP: 3/22 MP: 0/0
   477 | D:1      | Reached skill level 1 in Fighting
  1130 | D:1      | Reached XP level 3. HP: 23/27 MP: 0/0
  1130 | D:1      | Learned a level 1 spell: Freeze
  1199 | D:1      | Found Ybann's Antique Armour Shop.
  2634 | D:2      | Gained mutation: You do not regenerate when monsters are
                  | visible. [potion of mutation]
  2634 | D:2      | Gained mutation: You sometimes lose the ability to read
                  | scrolls when taking damage. [potion of mutation]
  2634 | D:2      | Gained mutation: You have a pair of small horns on your
                  | head. [potion of mutation]
  2643 | D:2      | Reached skill level 3 in Spellcasting
  2850 | D:2      | Killed from afar by an orc priest

Illustrated notes

Levels and vault maps discovered:
D:1:      zelgadis_glass_arrival_small, layout_basic, serial_shops, shop,
          chequers_serial_rivers_micro_c, roderic_lattice_a,
          nrook_mini_backslash
D:2:      layout_loops_ring

Skill      XL: |  1  2  3 |
---------------+----------+-----
Fighting       | 1 2 |  2.1
Spellcasting   | 3 |  3.0
Dodging        | |  2.1
Stealth        | |  1.5

Action                   || total
-------------------------++-------
Melee: Unarmed           ||     6
       Whip              ||    16
       Dagger            ||    15
 Cast: Foxfire           ||    81
  Use: Potion            ||     3
Armor: Robe              ||     6
Dodge: Dodged            ||    50

Table legend: (Time is in decaauts)
 A = Elapsed time spent in this place.
 B = Non-inter-level travel time spent in this place.
 C = Inter-level travel time spent in this place.
 D = Time resting spent in this place.
 E = Time spent auto-exploring this place.
 F = Levels seen in this place.
 G = Mean time per level.
                   A        B        C        D        E       F      G
               +--------+--------+--------+--------+--------+-----+--------+
         Total |   2849 |   2810 |     39 |    403 |   2148 |   2 | 1424.5 |
       Dungeon |   2849 |   2810 |     39 |    403 |   2148 |   2 | 1424.5 |
               +--------+--------+--------+--------+--------+-----+--------+

Top non-repeatable levels by time:
     D:1: 1798 daAuts
     D:2: 1051 daAuts
